Map: Traitor's Exile

Players

GREGOR

  • Race: Zerg Zerg
  • Spawn Location: 9:00

RIMKICAR

  • Race: Protoss Protoss
  • Spawn Location: 12:00

OMOI

  • Race: Zerg Zerg
  • Spawn Location: 6:00

ILIEKEGGPIE

  • Race: Protoss Protoss
  • League: Platinum
  • Spawn Location: 5:00

VOD

Have the link to the VOD?

Description

Time

  • Played on: June 11, 2018, 9:09 p.m.
  • Length: 5:09
Show
View Real Time Build Order
Export as new Build Order

GREGOR Zerg 

Build Orders: Pool First 

Get SALT Encoding   

  12  0:01  Drone  
  13  0:10  Drone  
  14  0:22  Overlord  
  14  0:25  Extractor  
  13  0:30  Drone  
  15  0:41  Drone x2  
  17  0:44  Drone  
  18  0:55  Spawning Pool  
  17  0:57  Drone  
  18  1:12  Drone  
  18  1:15  Extractor  
  18  1:21  Hatchery  
  17  1:36  Overlord, Drone  
  18  1:42  Queen  
  20  2:03  Zergling x6  
  23  2:14  Zergling x2  
  23  2:15  Metabolic Boost  
  24  2:36  Drone  
  27  2:37  Drone x2  
  27  2:47  Drone x2  
  29  2:57  Queen  
  31  3:03  Baneling Nest  
  30  3:07  Spine Crawler  
  29  3:14  Spine Crawler  
  29  3:15  Drone x3  
  29  3:16  Zergling x4  
  33  3:29  Drone  
  33  3:30  Drone  
  33  3:31  Overlord, Drone  
  36  3:46  Overlord  
  36  3:48  Baneling x2  
  36  3:51  Baneling  
  36  3:54  Overlord  
  36  4:04  Extractor  
  36  4:07  Roach Warren  
  34  4:10  Drone x5  
  39  4:27  Spore Crawler  
  38  4:31  Spore Crawler  
  38  4:35  Spore Crawler  
  37  4:42  Spore Crawler  
  37  4:44  Drone x2  
  37  4:45  Drone x6  
Show
View Real Time Build Order
Export as new Build Order

RIMKICAR Protoss 

Build Orders: Dark Templar Rush 

Get SALT Encoding   

  12  0:02  Probe  
  14  0:14  Probe  
  14  0:24  Pylon  
  14  0:26  Probe  
  15  0:38  Assimilator  
  15  0:42  Probe  
  16  0:49  Gateway  
  16  0:52  Probe  
  17  1:00  Probe  
  17  1:10  Probe  
  19  1:21  Probe  
  20  1:26  Assimilator  
  20  1:29  Probe  
  20  1:38  Cybernetics Core  
  21  1:41  Pylon  
  21  1:44  Zealot  
  23  1:58  Warp Gate  
  23  1:59  Probe  
  24  2:11  Probe  
  25  2:16  Gateway  
  25  2:25  Twilight Council  
  25  2:29  Zealot  
  27  2:58  Zealot  
  29  3:06  Dark Shrine  
  29  3:09  Pylon  
  29  3:21  Nexus  
  29  3:26  Pylon  
  29  3:43  Gateway  
  29  3:51  Pylon  
  29  4:11  Pylon  
  29  4:19  Forge  
  29  4:20  Dark Templar  
  29  4:22  Dark Templar  
  33  4:30  Probe  
  34  4:38  Probe  
  34  4:42  Pylon  
  34  4:45  Dark Templar  
  37  4:48  Probe  
  38  5:04  Dark Templar  
  38  5:05  Dark Templar  
Show
View Real Time Build Order
Export as new Build Order

OMOI Zerg 

Build Orders: Pool First 

Get SALT Encoding   

  12  0:01  Drone  
  13  0:08  Drone  
  14  0:17  Overlord  
  14  0:35  Drone x3  
  17  0:47  Drone  
  17  0:49  Extractor  
  17  0:51  Spawning Pool  
  16  0:57  Drone  
  17  1:08  Drone  
  18  1:20  Drone  
  19  1:30  Drone  
  20  1:37  Queen  
  22  1:40  Overlord  
  22  1:47  Roach Warren  
  22  1:53  Zergling x2  
  22  2:02  Drone  
  23  2:10  Evolution Chamber  
  22  2:25  Zergling x4  
  24  2:30  Lair  
  24  2:31  Hatchery  
  23  2:39  Roach  
  25  2:46  Zerg Melee Weapons Level 1  
  25  2:49  Zergling x4  
  25  2:50  Zergling x2  
  28  3:01  Spine Crawler  
  28  3:04  Roach  
  29  3:06  Drone  
  30  3:21  Overlord  
  30  3:30  Overlord  
  30  3:40  Drone x2  
  30  3:41  Drone  
  33  3:42  Metabolic Boost  
  33  3:45  Drone  
  34  3:52  Drone  
  34  3:55  Drone  
  36  4:00  Drone  
  36  4:01  Drone x2  
  39  4:07  Spore Crawler  
  39  4:09  Drone  
  39  4:15  Drone x2  
  41  4:21  Spore Crawler  
  41  4:23  Drone  
  41  4:34  Drone x3  
  41  4:35  Drone  
  41  4:36  Hydralisk Den  
  44  4:41  Drone x2  
  46  4:48  Drone x2  
Show
View Real Time Build Order
Export as new Build Order

ILIEKEGGPIE Protoss 

Build Orders: Phoenix Opening 

Get SALT Encoding   

  12  0:00  Probe  
  13  0:13  Probe  
  14  0:19  Pylon  
  14  0:25  Probe  
  15  0:33  Probe  
  15  0:42  Gateway, Probe  
  17  0:52  Assimilator  
  17  0:54  Probe  
  18  1:02  Probe  
  18  1:10  Probe  
  19  1:13  Gateway  
  20  1:21  Probe  
  20  1:22  Pylon  
  21  1:34  Assimilator  
  21  1:40  Cybernetics Core  
  21  1:53  Probe  
  22  2:05  Probe  
  23  2:18  Probe  
  23  2:19  Stargate  
  23  2:20  Adept  
  25  2:30  Probe, Warp Gate  
  28  2:43  Pylon  
  28  2:45  Stalker  
  28  3:05  Phoenix  
  30  3:21  Nexus  
  30  3:22  Phoenix  
  32  3:45  Adept x2  
  36  3:48  Pylon  
  36  3:54  Probe  
  36  3:55  Stargate  
  37  4:13  Pylon, Probe  
  38  4:20  Phoenix  
  40  4:25  Probe  
  40  4:31  Probe  
  41  4:33  Probe  
  43  4:39  Probe  
  43  4:41  Probe  
Tags
 
Add a new tag
Caveats
  • Supply blocks, unpowered buildings, or Contaminate may cause inaccurate times.
  • Supply counts are checked every 10 seconds.